[Event "RUS-ch Men Blitz 2019"]
[Site "Sochi"]
[Date "2019.10.17"]
[Round "12.27"]
[White "Pogromsky, Mikhail"]
[Black "Khegay, Dmitriy"]
[Result "0-1"]
[ECO "A06"]
[WhiteElo "2411"]
[BlackElo "2509"]
[Annotator "ChessBase"]
[PlyCount "40"]
[EventDate "2019.10.17"]
[EventType "swiss"]
[EventCountry "RUS"]
[SourceTitle "playchess.com"]
[Source "ChessBase"]
[SourceQuality "1"]
[TimeControl "180+2"]

1. Nf3 d5 2. d4 c6 3. c4 dxc4 4. e3 Be6 5. Nbd2 Qa5 6. Be2 Nf6 7. O-O b5 8. Ne5 Nfd7 9. Ndf3 g6 10. Ng5 Nxe5 11. Nxe6 fxe6 12. dxe5 Bg7 13. Bg4 O-O 14. Bxe6+ Kh8 15. f4 Na6 16. Bd2 Qb6 17. Qg4 Rad8 18. Rad1 Nc5 19. Qh3 Nd3 20. Bc3 Nxf4 0-1

[Event "RUS-ch Men Blitz 2019"]
[Site "Sochi"]
[Date "2019.10.17"]
[Round "12.28"]
[White "Zakhartsov, Vladimir"]
[Black "Volovich, Vasily"]
[Result "0-1"]
[ECO "E20"]
[WhiteElo "2514"]
[BlackElo "2120"]
[Annotator "ChessBase"]
[PlyCount "81"]
[EventDate "2019.10.17"]
[EventType "swiss"]
[EventCountry "RUS"]
[SourceTitle "playchess.com"]
[Source "ChessBase"]
[SourceQuality "1"]
[TimeControl "180+2"]

1. d4 e6 2. c4 Nf6 3. Nc3 Bb4 4. Bd2 c5 5. d5 exd5 6. Nxd5 Nxd5 7. cxd5 Bxd2+ 8. Qxd2 d6 9. Nf3 O-O 10. e3 Bg4 11. Bd3 Nd7 12. h3 Bxf3 13. gxf3 Qf6 14. f4 Rfe8 15. Be2 Nb6 16. O-O-O Rac8 17. Rhg1 c4 18. Qd4 Qxd4 19. Rxd4 Rc5 20. Rgd1 Ra5 21. Kb1 Rc8 22. Re4 Kf8 23. Rc1 Rxd5 24. Rc2 f5 25. Rd4 Rxd4 26. exd4 Nd5 27. Bf3 Nxf4 28. Bxb7 Rc7 29. Ba6 Nxh3 30. b3 c3 31. b4 Nf4 32. a3 h5 33. Rc1 g5 34. Kc2 Kf7 35. a4 h4 36. a5 Nd5 37. Kb3 Kf6 38. Bc4 Nf4 39. b5 g4 40. Kb4 d5 41. Bb3 0-1

[Event "RUS-ch Men Blitz 2019"]
[Site "Sochi"]
[Date "2019.10.17"]
[Round "12.30"]
[White "Airapetian, Gor"]
[Black "Zakaryan, David"]
[Result "0-1"]
[ECO "D31"]
[WhiteElo "2447"]
[BlackElo "2338"]
[Annotator "NA"]
[PlyCount "71"]
[EventDate "2019.10.17"]
[EventType "swiss"]
[EventCountry "RUS"]
[SourceTitle "playchess.com"]
[Source "ChessBase"]
[SourceQuality "1"]
[TimeControl "180+2"]

1. d4 d5 2. c4 e6 3. Nc3 a6 4. cxd5 exd5 5. Nf3 Nf6 6. Bg5 Be6 7. e3 Nbd7 8. Be2 h6 9. Bh4 g5 10. Bg3 Nh5 11. Qb3 c5 12. Qxb7 Nxg3 13. hxg3 Rb8 14. Qxa6 Rxb2 15. O-O c4 16. Rab1 Rc2 17. Rfc1 Rxc1+ 18. Rxc1 Bb4 19. Qb5 Qa5 20. Qxa5 Bxa5 21. e4 Bxc3 22. Rxc3 dxe4 23. Nd2 f5 24. Bxc4 Ke7 25. Bb3 Rb8 26. g4 Nf6 27. gxf5 Bxf5 28. Nf1 Bd7 29. Ne3 Rb4 30. d5 Rd4 31. Kf1 h5 32. Rc4 Rd2 33. Rc2 Rd4 34. g3 h4 35. gxh4 gxh4 36. Kg2 0-1

[Event "RUS-ch Men Blitz 2019"]
[Site "Sochi"]
[Date "2019.10.17"]
[Round "12.31"]
[White "Kovalchuk, Alexey"]
[Black "Musalov, Ruslan"]
[Result "1/2-1/2"]
[ECO "C50"]
[WhiteElo "2388"]
[BlackElo "2348"]
[Annotator "NA"]
[PlyCount "140"]
[EventDate "2019.10.17"]
[EventType "swiss"]
[EventCountry "RUS"]
[SourceTitle "playchess.com"]
[Source "ChessBase"]
[SourceQuality "1"]
[TimeControl "180+2"]

1. e4 e5 2. Nf3 Nc6 3. Bc4 Bc5 4. d3 Nf6 5. c3 O-O 6. O-O d5 7. exd5 Nxd5 8. Re1 Nf6 9. Bg5 h6 10. Bh4 Re8 11. Nbd2 Bg4 12. h3 Bh5 13. Bg3 Bd6 14. b4 a6 15. a4 Qd7 16. Qc2 Rad8 17. b5 Na5 18. Nxe5 Bxe5 19. Bxe5 Nxc4 20. Nxc4 Qxd3 21. Qxd3 Rxd3 22. Bd4 Rxe1+ 23. Rxe1 Nd5 24. Re8+ Kh7 25. Ne5 Rd1+ 26. Kh2 axb5 27. axb5 Rc1 28. Rc8 Bg6 29. c4 Nf6 30. Rxc7 Ne4 31. Rxb7 Nd2 32. g4 Rc2 33. Kg3 Ne4+ 34. Kf3 Nd2+ 35. Ke3 Nf1+ 36. Kf4 Nd2 37. c5 Nb3 38. Be3 Nxc5 39. Bxc5 Rxc5 40. Nxg6 Kxg6 41. b6 Rb5 42. Rb8 Kf6 43. f3 Rb4+ 44. Ke3 g6 45. h4 Rb3+ 46. Kd4 Rxf3 47. Rc8 Rb3 48. Rc6+ Ke7 49. Kc5 h5 50. gxh5 gxh5 51. Rh6 f5 52. Rxh5 Ke6 53. Kc6 Rc3+ 54. Kb5 Rb3+ 55. Kc5 f4 56. Rh8 Kf5 57. Kc6 Rc3+ 58. Kd6 Rd3+ 59. Kc7 Rc3+ 60. Kb8 Kg4 61. h5 Kg5 62. h6 Kg6 63. b7 f3 64. Rf8 Kxh6 65. Rxf3 Rxf3 66. Ka8 Ra3+ 67. Kb8 Kg6 68. Kc7 Rc3+ 69. Kd7 Rd3+ 70. Kc7 Ra3 1/2-1/2

[Event "RUS-ch Men Blitz 2019"]
[Site "Sochi"]
[Date "2019.10.17"]
[Round "13.2"]
[White "Rublevsky, Sergei"]
[Black "Ponkratov, Pavel"]
[Result "0-1"]
[ECO "B01"]
[WhiteElo "2651"]
[BlackElo "2621"]
[Annotator "RC"]
[PlyCount "116"]
[EventDate "2019.10.17"]
[EventType "swiss"]
[EventCountry "RUS"]
[SourceTitle "playchess.com"]
[Source "ChessBase"]
[SourceQuality "1"]
[TimeControl "180+2"]

1. e4 d5 2. exd5 Qxd5 3. Nc3 Qd6 4. d4 Nf6 5. Nf3 g6 6. Bg5 Bg7 7. Qd2 O-O 8. O-O-O Bg4 9. Be2 Nc6 10. Bh6 Rfd8 11. Bxg7 Kxg7 12. Qe3 Nb4 13. a3 Nbd5 14. Nxd5 Nxd5 15. Qg5 Qf4+ 16. Qxf4 Nxf4 17. Bf1 Bxf3 18. gxf3 e6 19. c3 Kf6 20. Bd3 c5 21. Be4 cxd4 22. cxd4 Rac8+ 23. Kb1 b6 24. Rd2 Rd6 25. Rhd1 Rcd8 26. Kc2 Ke7 27. Kc1 f5 28. Bc2 Rxd4 29. Rxd4 Rxd4 30. Rxd4 Ne2+ 31. Kd2 Nxd4 32. Bd1 e5 33. Kd3 Kd6 34. f4 Ne6 35. fxe5+ Kxe5 36. Kc4 Nc7 37. Be2 g5 38. Kd3 g4 39. f3 h5 40. Ke3 Nd5+ 41. Kf2 Kf4 42. fxg4 fxg4 43. Bc4 Ne3 44. Bb3 h4 45. Ke2 Nf5 46. Bd5 Nd4+ 47. Kf2 Nf3 48. Kg2 Ne1+ 49. Kf1 Nd3 50. b4 g3 51. hxg3+ Kxg3 52. Bb7 h3 53. Be4 Ne5 54. Ke2 h2 55. a4 a5 56. bxa5 bxa5 57. Ke3 Nc4+ 58. Kd4 Nb2 0-1

[Event "RUS-ch Men Blitz 2019"]
[Site "Sochi"]
[Date "2019.10.17"]
[Round "13.4"]
[White "Yuffa, Daniil"]
[Black "Savchenko, Boris"]
[Result "1/2-1/2"]
[ECO "A62"]
[WhiteElo "2577"]
[BlackElo "2581"]
[Annotator "ChessBase"]
[PlyCount "271"]
[EventDate "2019.10.17"]
[EventType "swiss"]
[EventCountry "RUS"]
[SourceTitle "playchess.com"]
[Source "ChessBase"]
[SourceQuality "1"]
[TimeControl "180+2"]

1. d4 Nf6 2. c4 e6 3. g3 c5 4. d5 exd5 5. cxd5 d6 6. Nc3 g6 7. Bg2 Bg7 8. Nf3 O-O 9. O-O Bf5 10. Nh4 Bg4 11. h3 Bc8 12. Bf4 Nh5 13. Bd2 f5 14. Nf3 h6 15. e4 b5 16. exf5 b4 17. Ne4 gxf5 18. Nh4 fxe4 19. Qxh5 Qe8 20. Qe2 Ba6 21. Qg4 Bc8 22. Qe2 Ba6 23. Qg4 Bc8 24. Qe2 Nd7 25. Qxe4 Qxe4 26. Bxe4 Bxb2 27. Bxh6 Bxa1 28. Bxf8 Nxf8 29. Rxa1 Bxh3 30. Bf5 Bxf5 31. Nxf5 Rd8 32. f4 c4 33. Kf2 a5 34. Ke3 Kf7 35. Kd4 c3 36. Re1 Ng6 37. Ne3 Kf6 38. Nc4 Ne7 39. g4 c2 40. Rc1 Rg8 41. g5+ Kf5 42. Rxc2 Kxf4 43. Rf2+ Kg4 44. Nxa5 Nf5+ 45. Kc4 Ne3+ 46. Kd4 Nf5+ 47. Kd3 Rxg5 48. Rg2+ Ng3 49. Kc4 Kf3 50. Rg1 Kf2 51. Rb1 Rg4+ 52. Kb5 Ne4 53. Kc6 Nc3 54. Rb2+ Ke3 55. Kxd6 Rd4 56. Kc6 Nxd5 57. Rb3+ Ke4 58. Kc5 Nc7 59. Nc6 Ne6+ 60. Kb5 Rd7 61. Rxb4+ Kd5 62. Kb6 Rd6 63. Rb5+ Kc4 64. Rb4+ Kc3 65. Rb5 Nd4 66. Rc5+ Kb2 67. a4 Nb3 68. Rb5 Ka3 69. a5 Nxa5 70. Rxa5+ Kb2 71. Kc5 Rd7 72. Ra4 Kc3 73. Ra3+ Kd2 74. Ne5 Rd8 75. Nc4+ Kc2 76. Rh3 Rc8+ 77. Kd4 Rd8+ 78. Ke4 Re8+ 79. Ne5 Rd8 80. Rg3 Rd6 81. Nc4 Rd8 82. Ne3+ Kd2 83. Nd5 Re8+ 84. Kd4 Ke2 85. Ra3 Rd8 86. Rb3 Re8 87. Nf6 Re7 88. Ne4 Rd7+ 89. Ke5 Re7+ 90. Kf5 Rf7+ 91. Ke6 Rf8 92. Ng5 Rd8 93. Kf5 Rf8+ 94. Ke5 Re8+ 95. Ne6 Re7 96. Kd5 Re8 97. Nd4+ Kd2 98. Rh3 Rd8+ 99. Kc5 Rc8+ 100. Kb4 Rb8+ 101. Kc4 Rc8+ 102. Kd5 Rd8+ 103. Ke5 Re8+ 104. Ne6 Re7 105. Kd5 Re8 106. Nf4 Rd8+ 107. Ke4 Re8+ 108. Kd4 Rd8+ 109. Nd5 Ke2 110. Re3+ Kf2 111. Re5 Ra8 112. Rf5+ Kg3 113. Nf6 Ra4+ 114. Ke5 Ra5+ 115. Nd5 Ra4 116. Rf8 Kg4 117. Ne3+ Kg3 118. Nc2 Ra5+ 119. Ke4 Ra7 120. Rg8+ Kf2 121. Nd4 Re7+ 122. Kd3 Rd7 123. Rf8+ Kg3 124. Rf6 Ra7 125. Ke3 Ra3+ 126. Ke4 Ra4 127. Rg6+ Kf2 128. Rg8 Ra7 129. Rg5 Re7+ 130. Kf4 Rf7+ 131. Nf5 Ke2 132. Rg6 Rd7 133. Re6+ Kd3 134. Re4 Kc3 135. Ne3 Rd4 136. Kf3 1/2-1/2

[Event "RUS-ch Men Blitz 2019"]
[Site "Sochi"]
[Date "2019.10.17"]
[Round "13.5"]
[White "Timofeev, Artyom"]
[Black "Yudin, Sergei"]
[Result "1/2-1/2"]
[ECO "A13"]
[WhiteElo "2595"]
[BlackElo "2497"]
[Annotator "ChessBase"]
[PlyCount "143"]
[EventDate "2019.10.17"]
[EventType "swiss"]
[EventCountry "RUS"]
[SourceTitle "playchess.com"]
[Source "ChessBase"]
[SourceQuality "1"]
[TimeControl "180+2"]

1. c4 e6 2. e3 d5 3. Nf3 f5 4. b3 Nf6 5. Bb2 Bd6 6. Be2 O-O 7. d3 c6 8. Nbd2 Nbd7 9. Qc2 Qe7 10. cxd5 exd5 11. Nd4 Ne5 12. h3 Bd7 13. O-O Ng6 14. N4f3 Rae8 15. Rfe1 Kh8 16. Bf1 Ne5 17. Bxe5 Bxe5 18. Nxe5 Qxe5 19. Nf3 Qd6 20. b4 Re7 21. Qc5 Qxc5 22. bxc5 Bc8 23. g3 Nd7 24. d4 g6 25. a4 Kg7 26. a5 a6 27. Nd2 Rfe8 28. Ra3 g5 29. f4 gxf4 30. gxf4 Kf6 31. Nf3 Rg8+ 32. Kf2 Reg7 33. h4 h6 34. Bh3 Nf8 35. Rg1 Rxg1 36. Nxg1 Nd7 37. Nf3 Rg7 38. Ra1 Rg8 39. Rf1 Nf8 40. Ne5 Rg7 41. Bg2 Ng6 42. Nf3 Nf8 43. Rh1 Ne6 44. Bf1 Nf8 45. Bd3 Ne6 46. Ne5 Nf8 47. Rb1 Ng6 48. Nf3 Nf8 49. Rg1 Rxg1 50. Kxg1 Ng6 51. Kf2 Nf8 52. Kg3 Ne6 53. h5 Nf8 54. Kh4 Bd7 55. Ne5 Bc8 56. Be2 Ne6 57. Nd3 Nf8 58. Nb4 Ne6 59. Na2 Nf8 60. Nc3 Ke7 61. Bd3 Kf6 62. Na4 Nd7 63. Bc2 Nf8 64. Nb6 Be6 65. Bd3 Ke7 66. Be2 Nh7 67. Bf3 Nf6 68. Na4 Bf7 69. Nc3 Be6 70. Ne2 Ne8 71. Nc3 Nf6 72. Ne2 1/2-1/2

[Event "RUS-ch Men Blitz 2019"]
[Site "Sochi"]
[Date "2019.10.17"]
[Round "13.6"]
[White "Nozdrachev, Vladislav"]
[Black "Savitskiy, Sergey"]
[Result "0-1"]
[ECO "B56"]
[WhiteElo "2494"]
[BlackElo "2407"]
[Annotator "ChessBase"]
[PlyCount "108"]
[EventDate "2019.10.17"]
[EventType "swiss"]
[EventCountry "RUS"]
[SourceTitle "playchess.com"]
[Source "ChessBase"]
[SourceQuality "1"]
[TimeControl "180+2"]

1. e4 c5 2. Nf3 d6 3. d4 cxd4 4. Nxd4 Nf6 5. Nc3 Nc6 6. g3 Bg4 7. f3 Bd7 8. Be3 g6 9. Qd2 Bg7 10. O-O-O O-O 11. h4 Qa5 12. Kb1 Rfc8 13. h5 Ne5 14. hxg6 fxg6 15. f4 Neg4 16. Nb3 Qd8 17. e5 dxe5 18. fxe5 Nxe5 19. Nc5 Bc6 20. Qe1 Qa5 21. Rh4 Nf3 22. Bc4+ Kh8 23. Qf1 Nxh4 24. gxh4 Be8 25. Ne6 Bf7 26. Bb3 Bxe6 27. Bxe6 Rxc3 28. bxc3 Ne4 29. Bd4 Nxc3+ 30. Kc1 Qa3+ 31. Kd2 Bxd4 32. Qf4 Bg7 33. Rf1 Qd6+ 34. Qxd6 exd6 35. Rf7 b5 36. Kd3 a5 37. Bg4 b4 38. Be6 d5 39. Rd7 Re8 40. Bf7 Ra8 41. h5 gxh5 42. Bxh5 Nxa2 43. Rxd5 Nc3 44. Rd7 a4 45. Bf3 Rf8 46. Bc6 a3 47. Ra7 Rd8+ 48. Kc4 a2 49. Kb3 h5 50. Bf3 h4 51. Bg4 Kh7 52. Ra6 Bd4 53. Kxb4 Nd5+ 54. Kb3 a1=Q 0-1

[Event "RUS-ch Men Blitz 2019"]
[Site "Sochi"]
[Date "2019.10.17"]
[Round "13.9"]
[White "Triapishko, Alexandr"]
[Black "Sakaev, Konstantin"]
[Result "1/2-1/2"]
[ECO "A06"]
[WhiteElo "2514"]
[BlackElo "2595"]
[Annotator "ChessBase"]
[PlyCount "90"]
[EventDate "2019.10.17"]
[EventType "swiss"]
[EventCountry "RUS"]
[SourceTitle "playchess.com"]
[Source "ChessBase"]
[SourceQuality "1"]
[TimeControl "180+2"]

1. Nf3 d5 2. g3 Nf6 3. Bg2 c5 4. O-O e6 5. b3 Nc6 6. Bb2 Be7 7. c4 d4 8. e3 e5 9. exd4 exd4 10. Re1 O-O 11. d3 Bf5 12. Ne5 Nxe5 13. Rxe5 Bg4 14. Bf3 Bd6 15. Re1 Qd7 16. Nd2 Bf5 17. b4 Rae8 18. bxc5 Rxe1+ 19. Qxe1 Bxc5 20. Nb3 b6 21. Qe5 Bxd3 22. Nxc5 bxc5 23. Qxc5 Rc8 24. Qxd4 Bxc4 25. Qxd7 Nxd7 26. Rc1 Nb6 27. a3 f6 28. Bg4 Rc6 29. Bd4 Bd5 30. Rxc6 Bxc6 31. Be6+ Kf8 32. Bc5+ Ke8 33. f4 Bd7 34. Bb3 Nc8 35. Kf2 Bb5 36. Ke3 a6 37. g4 Ne7 38. h3 Nc6 39. h4 Na5 40. Bc2 h6 41. f5 Nc4+ 42. Kf4 Ne5 43. g5 hxg5+ 44. hxg5 Nd3+ 45. Bxd3 Bxd3 {[%emt 0:00:01] Ke4} 1/2-1/2

[Event "RUS-ch Men Blitz 2019"]
[Site "Sochi"]
[Date "2019.10.17"]
[Round "13.10"]
[White "Tsydypov, Zhamsaran"]
[Black "Eraschenkov, Denis"]
[Result "0-1"]
[ECO "A05"]
[WhiteElo "2553"]
[BlackElo "2382"]
[Annotator "ChessBase"]
[PlyCount "83"]
[EventDate "2019.10.17"]
[EventType "swiss"]
[EventCountry "RUS"]
[SourceTitle "playchess.com"]
[Source "ChessBase"]
[SourceQuality "1"]
[TimeControl "180+2"]

1. Nf3 Nf6 2. b3 d5 3. Bb2 Bf5 4. g3 e6 5. Bg2 h6 6. O-O Nbd7 7. d3 Be7 8. Nbd2 O-O 9. Qe1 a5 10. a3 Bh7 11. c4 c6 12. Qc1 Bd6 13. Rd1 Qe7 14. Nf1 e5 15. Ne3 d4 16. Nc2 c5 17. e3 a4 18. b4 Rfe8 19. exd4 cxd4 20. c5 Bxc5 21. bxc5 Nxc5 22. Nb4 Nb3 23. Qb1 Nxa1 24. Bxa1 Rac8 25. Re1 Qc5 26. Qd1 b5 27. Bh3 Rcd8 28. Re2 e4 29. Rc2 Qh5 30. Bg2 exf3 31. Bxf3 Qe5 32. Re2 Qd6 33. Rc2 Rc8 34. Bc6 Re7 35. Bxb5 Rxc2 36. Nxc2 Nd7 37. Bxd4 Ne5 38. Bc3 Nxd3 39. Nb4 Rb7 40. Qg4 Ne5 41. Qc8+ Qf8 42. Qxb7 0-1

[Event "RUS-ch Men Blitz 2019"]
[Site "Sochi"]
[Date "2019.10.17"]
[Round "13.12"]
[White "Golubov, Saveliy"]
[Black "Papenin, Nikolai"]
[Result "1-0"]
[ECO "A48"]
[WhiteElo "2469"]
[BlackElo "2295"]
[Annotator "ChessBase"]
[PlyCount "97"]
[EventDate "2019.10.17"]
[EventType "swiss"]
[EventCountry "RUS"]
[SourceTitle "playchess.com"]
[Source "ChessBase"]
[SourceQuality "1"]
[TimeControl "180+2"]

1. d4 Nf6 2. Nf3 g6 3. Bg5 Bg7 4. Nbd2 d6 5. c3 Nbd7 6. e3 h6 7. Bh4 O-O 8. Bg3 Qe8 9. Be2 e5 10. O-O Nh5 11. Ne1 Nxg3 12. hxg3 Qe7 13. Nc2 h5 14. e4 h4 15. gxh4 Qxh4 16. g3 Qe7 17. Bg4 f5 18. exf5 gxf5 19. Bh3 Nf6 20. Ne3 f4 21. Nf5 Qf7 22. dxe5 dxe5 23. Qb3 Qxb3 24. Nxb3 Bh8 25. Ne7+ Kf7 26. Nxc8 Rg8 27. Rad1 fxg3 28. fxg3 Rxg3+ 29. Kh2 Rxh3+ 30. Kxh3 Rxc8 31. Nc5 Ke7 32. Rde1 Nd5 33. c4 Nb4 34. Re2 b6 35. Nb3 Nxa2 36. Nd4 Nb4 37. Nf5+ Ke6 38. Nd4+ Ke7 39. Nf5+ Ke6 40. Ng3 Nd3 41. Rf3 Nb4 42. Ne4 Bg7 43. Ng5+ Kd6 44. Kg4 Nc6 45. Rf7 Rg8 46. Rh2 Nd4 47. Rh7 Ne6 48. Nxe6 Bf6+ 49. Kf5 {[%emt 0:00:04] Kd5 Ke4+} 1-0

[Event "RUS-ch Men Blitz 2019"]
[Site "Sochi"]
[Date "2019.10.17"]
[Round "13.13"]
[White "Nesterov, Arseniy"]
[Black "Lugovskoy, Maxim"]
[Result "0-1"]
[ECO "D31"]
[WhiteElo "2484"]
[BlackElo "2436"]
[Annotator "RC"]
[PlyCount "71"]
[EventDate "2019.10.17"]
[EventType "swiss"]
[EventCountry "RUS"]
[SourceTitle "playchess.com"]
[Source "ChessBase"]
[SourceQuality "1"]
[TimeControl "180+2"]

1. d4 d5 2. c4 e6 3. Nc3 a6 4. cxd5 exd5 5. Nf3 c6 6. Bg5 Nf6 7. e3 Be7 8. Bd3 Nbd7 9. O-O O-O 10. Qc2 Re8 11. Ne5 Nf8 12. f4 Ng4 13. Bxe7 Rxe7 14. Rae1 f6 15. Nxg4 Bxg4 16. h3 Bh5 17. Qf2 Bg6 18. f5 Bf7 19. e4 dxe4 20. Nxe4 Bxa2 21. Nc5 Bd5 22. Rxe7 Qxe7 23. Re1 Qf7 24. Qe2 a5 25. Qe7 b6 26. Qxf7+ Kxf7 27. Nb7 Kg8 28. Re7 Ra7 29. Be2 c5 30. Bf3 Bxf3 31. gxf3 cxd4 32. Kf2 b5 33. Ke2 a4 34. Kd3 b4 35. Kc4 a3 36. Kxd4 0-1

[Event "RUS-ch Men Blitz 2019"]
[Site "Sochi"]
[Date "2019.10.17"]
[Round "13.14"]
[White "Mikhailovsky, Vladimir"]
[Black "Potapov, Pavel"]
[Result "1-0"]
[ECO "C47"]
[WhiteElo "2209"]
[BlackElo "2489"]
[Annotator "ChessBase"]
[PlyCount "97"]
[EventDate "2019.10.17"]
[EventType "swiss"]
[EventCountry "RUS"]
[SourceTitle "playchess.com"]
[Source "ChessBase"]
[SourceQuality "1"]
[TimeControl "180+2"]

1. Nc3 e5 2. e4 Nc6 3. Nf3 Nf6 4. d4 exd4 5. Nxd4 Bb4 6. Nxc6 bxc6 7. Bd3 O-O 8. O-O d5 9. exd5 cxd5 10. h3 c6 11. Qf3 Bd6 12. Bf4 Rb8 13. b3 Be6 14. Rad1 Rb4 15. Ne2 Qc7 16. Bxd6 Qxd6 17. c3 Rbb8 18. Rfe1 h6 19. Nd4 Rfe8 20. Re3 Bd7 21. Rde1 Rxe3 22. Rxe3 Re8 23. Rxe8+ Nxe8 24. Nf5 Qe5 25. Qe3 Qxe3 26. Nxe3 Kf8 27. f4 Ke7 28. Kf2 Kd6 29. g4 c5 30. Kf3 Nc7 31. Bf5 g6 32. Bxd7 Kxd7 33. f5 Kd6 34. h4 Ke5 35. fxg6 fxg6 36. h5 gxh5 37. gxh5 Kf6 38. Kg4 d4 39. cxd4 cxd4 40. Nc4 Nd5 41. a4 d3 42. Kf3 Kf5 43. Ne3+ Nxe3 44. Kxe3 Kg5 45. b4 Kxh5 46. b5 Kg5 47. a5 h5 48. b6 axb6 49. axb6 1-0

[Event "RUS-ch Men Blitz 2019"]
[Site "Sochi"]
[Date "2019.10.17"]
[Round "13.15"]
[White "Vastrukhin, Oleg"]
[Black "Faizrakhmanov, Ramil"]
[Result "1-0"]
[ECO "A07"]
[WhiteElo "2428"]
[BlackElo "2434"]
[Annotator "NA"]
[PlyCount "109"]
[EventDate "2019.10.17"]
[EventType "swiss"]
[EventCountry "RUS"]
[SourceTitle "playchess.com"]
[Source "ChessBase"]
[SourceQuality "1"]
[TimeControl "180+2"]

1. g3 Nf6 2. Bg2 d5 3. Nf3 c6 4. O-O Bg4 5. Ne5 Bf5 6. d4 e6 7. c4 Nbd7 8. Nc3 Be7 9. Qb3 Qb6 10. Nxd7 Nxd7 11. e4 dxe4 12. Nxe4 Qxb3 13. axb3 O-O 14. Be3 Rfd8 15. h3 a6 16. g4 Bg6 17. Rfd1 Nf6 18. Nc5 Bc2 19. Nxb7 Rdb8 20. Rdc1 Rxb7 21. Rxc2 Rxb3 22. Bxc6 Rc8 23. Rxa6 h6 24. Ra8 Rxa8 25. Bxa8 Rb8 26. Bc6 Rc8 27. Bf3 Bb4 28. Kf1 Nd5 29. Ke2 Nxe3 30. fxe3 Kf8 31. Kd3 Ke7 32. c5 Rb8 33. Bc6 Ba5 34. Ba4 g5 35. e4 Rb4 36. b3 e5 37. d5 Rd4+ 38. Ke3 Kd8 39. Bb5 Bb4 40. c6 Ba5 41. Ra2 Bb6 42. Kf3 Kc7 43. Ra8 Rd2 44. Re8 Bc5 45. Rh8 Rf2+ 46. Kg3 Rf4 47. Bd3 Bf2+ 48. Kg2 Bh4 49. Rxh6 Rf2+ 50. Kg1 Rf3 51. Bb5 Kb6 52. d6 Kxb5 53. c7 Rg3+ 54. Kf1 Rc3 55. d7 1-0

[Event "RUS-ch Men Blitz 2019"]
[Site "Sochi"]
[Date "2019.10.17"]
[Round "13.16"]
[White "Sysolyatin, Evgeny"]
[Black "Oganian, Miran"]
[Result "1-0"]
[ECO "B30"]
[WhiteElo "2271"]
[BlackElo "2436"]
[Annotator "NA"]
[PlyCount "99"]
[EventDate "2019.10.17"]
[EventType "swiss"]
[EventCountry "RUS"]
[SourceTitle "playchess.com"]
[Source "ChessBase"]
[SourceQuality "1"]
[TimeControl "180+2"]

1. e4 c5 2. Nf3 Nc6 3. Bb5 d6 4. O-O Bd7 5. Re1 Nf6 6. c3 a6 7. Bf1 Bg4 8. h3 Bxf3 9. Qxf3 e6 10. d3 Be7 11. Bf4 O-O 12. Nd2 d5 13. g4 d4 14. c4 e5 15. Bg3 Ne8 16. Qd1 Nd6 17. a3 b5 18. Qc2 Qb6 19. cxb5 axb5 20. Rac1 Nb7 21. f4 Rfe8 22. Nf3 Bd6 23. fxe5 Nxe5 24. Bxe5 Bxe5 25. Nxe5 Rxe5 26. Bg2 h5 27. Qe2 Qg6 28. gxh5 Rxh5 29. e5 Re8 30. Qe4 Qxe4 31. Bxe4 Rhxe5 32. Rf1 Nd6 33. Bc6 R8e6 34. Bd7 Rg6+ 35. Kh1 Rg3 36. Rcd1 g6 37. Rfe1 Rxd3 38. Rxe5 Rxd1+ 39. Kg2 Rd2+ 40. Kf3 c4 41. Rd5 Nf5 42. Bxf5 gxf5 43. Rxb5 d3 44. a4 Rxb2 45. Rxb2 c3 46. Rb8+ Kg7 47. Rc8 c2 48. Ke3 f4+ 49. Kxd3 f3 50. Ke3 1-0

[Event "RUS-ch Men Blitz 2019"]
[Site "Sochi"]
[Date "2019.10.17"]
[Round "13.19"]
[White "Papin, Vasily"]
[Black "Kardashevskiy, Evgeny"]
[Result "1/2-1/2"]
[ECO "A13"]
[WhiteElo "2481"]
[BlackElo "2428"]
[Annotator "ChessBase"]
[PlyCount "75"]
[EventDate "2019.10.17"]
[EventType "swiss"]
[EventCountry "RUS"]
[SourceTitle "playchess.com"]
[Source "ChessBase"]
[SourceQuality "1"]
[TimeControl "180+2"]

1. c4 e6 2. g3 Nf6 3. Bg2 d5 4. Nf3 d4 5. O-O c5 6. e3 Nc6 7. exd4 cxd4 8. Re1 Bd6 9. d3 h6 10. a3 a5 11. b3 O-O 12. Bb2 e5 13. Nbd2 Re8 14. Ne4 Nxe4 15. Rxe4 Bf5 16. Re1 Rb8 17. Rc1 Qd7 18. Qd2 Rec8 19. c5 Be7 20. Nxe5 Nxe5 21. Rxe5 Be6 22. b4 axb4 23. axb4 Bg5 24. f4 Bf6 25. Ree1 Qb5 26. Ra1 Bf5 27. Be4 Bxe4 28. dxe4 b6 29. e5 Be7 30. Bxd4 bxc5 31. Bxc5 Bxc5+ 32. bxc5 Qxc5+ 33. Qf2 Qxf2+ 34. Kxf2 Rb2+ 35. Re2 Rxe2+ 36. Kxe2 Rc2+ 37. Kf3 Rxh2 38. Ke4 1/2-1/2

[Event "RUS-ch Men Blitz 2019"]
[Site "Sochi"]
[Date "2019.10.17"]
[Round "13.20"]
[White "Samusenko, Maksim"]
[Black "Volovich, Vasily"]
[Result "0-1"]
[ECO "C07"]
[WhiteElo "2445"]
[BlackElo "2120"]
[Annotator "NA"]
[PlyCount "100"]
[EventDate "2019.10.17"]
[EventType "swiss"]
[EventCountry "RUS"]
[SourceTitle "playchess.com"]
[Source "ChessBase"]
[SourceQuality "1"]
[TimeControl "180+2"]

1. e4 e6 2. d4 d5 3. Nd2 c5 4. Ngf3 cxd4 5. exd5 Qxd5 6. Bc4 Qd6 7. O-O Nf6 8. Re1 Nc6 9. Ne4 Nxe4 10. Rxe4 Be7 11. Nxd4 e5 12. Bf4 exf4 13. Nxc6 Qxd1+ 14. Rxd1 bxc6 15. Rde1 Kf8 16. Rxe7 Be6 17. R1xe6 fxe6 18. Rc7 h5 19. Kf1 Rh6 20. Rxc6 Ke7 21. Rc7+ Kf6 22. Ke2 Rhh8 23. Rc6 Rac8 24. Rxe6+ Kf5 25. Bb3 Rxc2+ 26. Kf3 g5 27. Bxc2+ Kxe6 28. h4 Kf6 29. b3 Rd8 30. hxg5+ Kxg5 31. Ke2 h4 32. Be4 Kf6 33. Bf3 Ke5 34. Ke1 Rd3 35. Be2 Rd6 36. Bf3 Ra6 37. a4 Rb6 38. Bd1 Kd4 39. Kd2 f3 40. Bxf3 Rxb3 41. Bd1 Rb2+ 42. Bc2 Ra2 43. f4 Ra3 44. Bd1 Rg3 45. Ke2 Ke4 46. Kf2 Kxf4 47. Be2 Ra3 48. Bb5 Ra2+ 49. Kf1 Kg3 50. Bc6 a5 0-1

[Event "RUS-ch Men Blitz 2019"]
[Site "Sochi"]
[Date "2019.10.17"]
[Round "13.21"]
[White "Gurvich, Vitaly"]
[Black "Derjabin, Ilja"]
[Result "1-0"]
[ECO "A59"]
[WhiteElo "2278"]
[BlackElo "2333"]
[Annotator "NA RC"]
[PlyCount "81"]
[EventDate "2019.10.17"]
[EventType "swiss"]
[EventCountry "RUS"]
[SourceTitle "playchess.com"]
[Source "ChessBase"]
[SourceQuality "1"]
[TimeControl "180+2"]

1. d4 Nf6 2. c4 c5 3. d5 b5 4. cxb5 a6 5. bxa6 Bxa6 6. Nc3 d6 7. e4 Bxf1 8. Kxf1 g6 9. g3 Bg7 10. Kg2 O-O 11. Nge2 Nbd7 12. a4 Qb8 13. Qc2 Qb7 14. Rd1 Rfb8 15. Nb5 Ne8 16. Nec3 Nc7 17. Ra3 Na6 18. Bg5 Re8 19. h4 Nb4 20. Qd2 Ne5 21. Qe2 c4 22. h5 Ned3 23. b3 Qc8 24. Rb1 h6 25. Be3 g5 26. Kg1 Ne5 27. Nd4 Nbd3 28. Nf5 cxb3 29. Raxb3 Nc5 30. Bxc5 Qxc5 31. Kg2 e6 32. dxe6 Rxe6 33. Rb8+ Rxb8 34. Rxb8+ Kh7 35. Nd5 Nc6 36. Rc8 Bf6 37. Qf3 Bg7 38. Nfe7 Ne5 39. Qf5+ Ng6 40. hxg6+ Rxg6 41. Rxc5 1-0

[Event "RUS-ch Men Blitz 2019"]
[Site "Sochi"]
[Date "2019.10.17"]
[Round "13.22"]
[White "Remizov, Yaroslav"]
[Black "Tekeyev, Zaur"]
[Result "0-1"]
[ECO "B32"]
[WhiteElo "2394"]
[BlackElo "2384"]
[Annotator "NA"]
[PlyCount "61"]
[EventDate "2019.10.17"]
[EventType "swiss"]
[EventCountry "RUS"]
[SourceTitle "playchess.com"]
[Source "ChessBase"]
[SourceQuality "1"]
[TimeControl "180+2"]

1. e4 c5 2. Nf3 Nc6 3. d4 cxd4 4. Nxd4 e5 5. Nb5 d6 6. N1c3 a6 7. Na3 Be7 8. Nc4 b5 9. Ne3 Nf6 10. Bd3 O-O 11. O-O Rb8 12. a4 Nb4 13. axb5 axb5 14. Nxb5 Nxd3 15. Qxd3 Nxe4 16. Qxe4 Rxb5 17. c4 Bb7 18. Qg4 Bc8 19. Nf5 Bxf5 20. Qxf5 Rb4 21. Qc2 Qc7 22. Ra4 Rfb8 23. h3 d5 24. Rxb4 Rxb4 25. Qf5 Rxc4 26. Be3 d4 27. Bd2 Bd6 28. Rb1 Rc2 29. Ba5 Qc8 30. Qe4 g6 31. Kh2 0-1